 Dungeon Crawl Stone Soup version 0.28-a0-382-g33c4956463 (webtiles) character file.

Game seed: 13811778008121474926

10 AarnesTheHuman the Chiller (level 2, 17/20 HPs)
             Began as a Barachi Ice Elementalist on Sept 2, 2021.
             Was an Initiate of Ashenzari.
             Got out of the dungeon alive.
             The game lasted 00:01:08 (496 turns).

AarnesTheHuman the Chiller (BaIE)                    Turns: 496, Time: 00:01:09

Health: 17/20      AC:  2    Str:  9    XL:     2   Next: 20%
Magic:  5/5        EV: 12    Int: 15    God:    Ashenzari [......]
Gold:   14         SH:  0    Dex: 12    Spells: 4/5 levels left

rFire   . . .      SeeInvis .   c - +0 dagger
rCold   . . .      Faith    .   (no shield)
rNeg    . . .      Spirit   .   a - +0 robe
rPois   .          Reflect  .   (no helmet)
rElec   .          Harm     .   (no cloak)
rCorr   .          Rampage  .   (no gloves)
Will    .....                   (no boots)
Stlth   ++........              (no amulet)
HPRegen 0.06/turn               (no ring)
MPRegen 0.09/turn               (no ring)

@: quite poisoned (17 -> 10), slow
A: amphibious, slowness 1, strong legs 1, +LOS
a: Hop, Renounce Religion, Curse Item


You escaped.
You worshipped Ashenzari.
Ashenzari was noncommittal.
You visited 1 branch of the dungeon, and saw 1 of its levels.

You collected 14 gold pieces.

Inventory:

Hand Weapons
 c - a +0 dagger (weapon)
Armour
 a - a +0 robe (worn)
Scrolls
 b - a scroll of identify


   Skills:
 + Level 0.9 Fighting
 - Level 2.1 Dodging
 - Level 1.7 Stealth
 + Level 2.4 Spellcasting
 * Level 5.1 Ice Magic


You had 4 spell levels left.
You knew the following spells:

 Your Spells              Type           Power      Damage    Failure   Level
a - Freeze                Ice            68%        1d8       2%          1

Your spell library contained the following spells:

 Spells                   Type           Power      Damage    Failure   Level
 Frozen Ramparts          Ice            34%        1d5       8%          3
 Ozocubu's Armour         Ice            17%        N/A       8%          3
 Hailstorm                Conj/Ice       9%         3d4       58%         4


Dungeon Overview and Level Annotations

Branches:
Dungeon (1/15)

Altars:
Ashenzari


Innate Abilities, Weirdness & Mutations

You are amphibious.
You cover ground slowly.
You can hop short distances.
You have an extended range of vision and can be seen from far away.


Message History

The dart slug is severely wounded.
You see here a +0 dagger.
c - a +0 dagger The dart slug launches a dart at you.
The slug dart hits you.
c - a +0 dagger (weapon)
You hit the dart slug.
The dart slug is almost dead.
The dart slug barely misses you.
You hit the dart slug.
You kill the dart slug!
Saving game... please wait.
Welcome back, AarnesTheHuman the Barachi Ice Elementalist.
Press ? for a list of commands and other information.
Magic restored.
HP restored.
You see here a dart slug corpse.
You open the door.
Found a faded altar of an unknown god.
There is an open door here.
Sorry, I don't know how to get there.
You open the door.
There is an open door here.
There is a faded altar of an unknown god here.
You cannot tell which god this altar belongs to.
Convert to them anyway?
Ashenzari accepts your prayer! Ashenzari welcomes you!
b - a scroll of identify Ashenzari warns you of distant threats and treasures.
Ashenzari reveals the structure of the dungeon to you.
Ashenzari shows you where magical portals lie.
Ashenzari prevents you from stumbling into unseen traps.
Ashenzari identifies your possessions.
There is an open door here.
Ashenzari invites you to partake of a vision and a curse of melee combat and companions.
There is an open door here.
A goblin comes into view. It is wielding a +1 dagger of venom.
The goblin shouts!
The goblin hits you with a +1 dagger of venom.
There is a staircase leading out of the dungeon here.
Are you sure you want to leave the Dungeon?
This will make you lose the game!
The goblin hits you with a +1 dagger of venom.
You are poisoned.
You have escaped!

# #. .# #. # .#
#.#. . .# ....
.#.###.#. .........
##.# #....
.♣♣♣♣♣♣♣♣♣♣♣♣♣♣♣..#
#....
........@g........#
#....
.♣♣♣♣♣♣♣♣♣♣♣♣♣♣♣..#
#g... ##.# #....
########.###....
................
.#######.###....
#..##.... ##.##....
#..####.


You could see a goblin.

Vanquished Creatures
  A dart slug (D:1)
  3 endoplasms (D:1)
  A goblin (D:1)
  3 rats (D:1)
8 creatures vanquished.

Notes
Turn   | Place    | Note
-------+----------+-------------------------------------------
     0 | D:1      | AarnesTheHuman the Barachi Ice Elementalist began the quest
                  | for the Orb.
     0 | D:1      | Reached XP level 1. HP: 13/13 MP: 3/3
   143 | D:1      | Reached skill level 5 in Ice Magic
   302 | D:1      | Reached XP level 2. HP: 16/20 MP: 1/5
   410 | D:1      | Found a faded altar of an unknown god.
   425 | D:1      | Became a worshipper of Ashenzari the Shackled
   496 | D:$      | Got out of the dungeon alive.

Illustrated notes

Levels and vault maps discovered:
D:1:      eino_arrival_tree_alley, layout_basic,
          shapermc_ecumenical_altar_ellora

Skill      XL: |  1 |
---------------+----+-----
Ice Magic      | 5 |  5.1
Fighting       | |  0.9
Dodging        | |  2.1
Stealth        | |  1.7
Spellcasting   | |  2.4

Action                   || total
-------------------------++-------
Melee: Unarmed           ||     3
       Dagger            ||     2
 Cast: Freeze            ||     9
Dodge: Dodged            ||     7

Table legend: (Time is in decaauts)
 A = Elapsed time spent in this place.
 B = Non-inter-level travel time spent in this place.
 C = Inter-level travel time spent in this place.
 D = Time resting spent in this place.
 E = Time spent auto-exploring this place.
 F = Levels seen in this place.
 G = Mean time per level.
                   A        B        C        D        E       F      G
               +--------+--------+--------+--------+--------+-----+--------+
         Total |    559 |    498 |     61 |      0 |    401 |   1 |  559.0 |
       Dungeon |    559 |    498 |     61 |      0 |    401 |   1 |  559.0 |
               +--------+--------+--------+--------+--------+-----+--------+

Top non-repeatable levels by time:
     D:1: 559 daAuts
